 Dungeon Crawl Stone Soup version 0.28-a0-653-g7e9dba17c3 (webtiles) character file.

Game seed: 606022683426983632

0 lawman0 the Covert (level 1, -13/23 HPs)
             Began as a Gnoll Delver on Oct 11, 2021.
             Mangled by an ogre (23 damage)
             ... on level 4 of the Dungeon.
             The game lasted 00:00:24 (51 turns).

lawman0 the Covert (Gnoll Delver)                     Turns: 51, Time: 00:00:24

Health: -13/23     AC:  4    Str: 11    XL:     1   Next: 0%
Magic:  1/1        EV: 13    Int:  9    God:
Gold:   0          SH:  0    Dex: 13    Spells: 0/0 levels left

rFire   . . .      SeeInvis .   a - +0 mace
rCold   . . .      Faith    .   (no shield)
rNeg    . . .      Spirit   .   b - +0 leather armour
rPois   .          Reflect  .   (no helmet)
rElec   .          Harm     .   j - +0 cloak
rCorr   .          Rampage  .   (no gloves)
Will    .....                   (no boots)
Stlth   ++++......              (no amulet)
HPRegen 0.07/turn               (no ring)
MPRegen 0.07/turn               (no ring)

@: no status effects
A: fangs 1, strong nose, distributed training
a: no special abilities


You were on level 4 of the Dungeon.
You visited 1 branch of the dungeon, and saw 2 of its levels.

Inventory:

Hand Weapons
 a - a +0 mace (weapon)
Missiles
 h - 13 poisoned darts (quivered)
Armour
 b - a +0 leather armour (worn)
 j - a +0 cloak (worn)
Wands
 g - a wand of digging (3)
Scrolls
 c - a scroll of fog
 d - a scroll of enchant weapon {unknown}
 e - a scroll of fear
 i - 2 scrolls of identify {unknown}
Potions
 f - a potion of haste


   Skills:
 + Level 6.4 Fighting
 + Level 0.0 Short Blades
 + Level 0.0 Long Blades
 + Level 0.0 Axes
 + Level 4.4 Maces & Flails
 + Level 0.0 Polearms
 + Level 0.0 Staves
 + Level 0.0 Slings
 + Level 0.0 Bows
 + Level 0.0 Crossbows
 + Level 0.0 Throwing
 + Level 0.0 Armour
 + Level 4.4 Dodging
 + Level 9.5 Stealth
 + Level 0.0 Shields
 + Level 0.0 Unarmed Combat
 + Level 0.0 Spellcasting
 + Level 0.0 Conjurations
 + Level 0.0 Hexes
 + Level 0.0 Summonings
 + Level 0.0 Necromancy
 + Level 0.0 Translocations
 + Level 0.0 Transmutations
 + Level 0.0 Fire Magic
 + Level 0.0 Ice Magic
 + Level 0.0 Air Magic
 + Level 0.0 Earth Magic
 + Level 0.0 Poison Magic
 + Level 0.0 Invocations
 + Level 0.0 Evocations


You couldn't memorise any spells.
You didn't know any spells.
Your spell library was empty.

Dungeon Overview and Level Annotations

Branches:
Dungeon (5/15)
 Temple: D:4-7

Altars:
Cheibriados


Innate Abilities, Weirdness & Mutations

You have very sharp teeth.
Your uncanny sense of smell can sniff out nearby items.
Your experience applies equally to all skills.


Message History

Found 13 poisoned darts and a scroll labelled HET KONEBRYJULE.
Found two stone staircases leading down.
As you read the scroll of magic mapping, it crumbles to dust.
You feel aware of your surroundings.
You sensed 1 altar.
d - a scroll labelled HET KONEBRYJULE You see here 13 poisoned darts.
h - 13 poisoned darts
There is a stone staircase leading down here.
Found 2 scrolls labelled ORHEBY REUTRO.
You open the door.
Found a snail-covered altar of Cheibriados.
Found 23 arrows.
Found a cloak.
i - 2 scrolls labelled ORHEBY REUTRO
Found a quarterstaff.
Found an escape hatch in the floor.
You see here a +0 cloak.
j - a +0 cloak You start putting on your armour.
You continue putting on your +0 cloak. x4
You finish putting on your +0 cloak.
Unknown command.
Found an escape hatch in the ceiling.
An ogre comes into view. It is wielding a +0 giant club.
Found a stone staircase leading up.
A quokka comes into view.
Found 4 gold pieces.
The ogre shouts!
An adder comes into view.
A centaur skeleton comes into view.
The quokka barely misses you. The quokka bites you.
The ogre hits you with a +0 giant club!
Ouch! That really hurt!
There is a stone staircase leading up here.
The quokka misses you.
You climb upwards.
There is a stone staircase leading down here.
Unknown command.
You barely miss the quokka.
The ogre hits you with a +0 giant club!!
Ouch! That really hurt!
You die...

#..
#.#
#.#
#.#∆
#.#
#.#
#r#
#@#
#O#
#..
∆
####


You could see an ogre and a quokka.

Vanquished Creatures (others)
  8 fungi (D:5)
8 creatures vanquished.

Notes
Turn   | Place    | Note
-------+----------+-------------------------------------------
     0 | D:5      | Reached skill level 9 in Stealth
     0 | D:5      | lawman0 the Gnoll Delver began the quest for the Orb.
     0 | D:5      | Reached XP level 1. HP: 23/23 MP: 1/1
    19 | D:5      | Found a snail-covered altar of Cheibriados.
    40 | D:5      | Noticed an ogre
    51 | D:4      | Mangled by an ogre

Illustrated notes

Levels and vault maps discovered:
D:4:      layout_loops_ring, minmay_temple_entry_hall
D:5:      layout_rooms, kennysheep_mini, serial_aquarium, aquarium_bridge_square
          [aquarium_subvault_bridge, aquarium_subvault_bridge,
          aquarium_subvault_balcony, aquarium_subvault_bridge],
          aquarium_bridge_island_small [aquarium_subvault_small_open,
          aquarium_subvault_wall, aquarium_subvault_bridge,
          aquarium_subvault_balcony, aquarium_subvault_balcony],
          aquarium_window_corner, aquarium_window_fake, aquarium_view_2a,
          aquarium_view_2c, aquarium_balcony_double_4

Skill      XL: | |
---------------+-+-----
Stealth        | |  9.5
Fighting       | |  6.4
Maces & Flails | |  4.4
Dodging        | |  4.4

Action                   || total
-------------------------++-------
Melee: Mace              ||     1
  Use: Scroll            ||     1
Dodge: Dodged            ||     2

Table legend: (Time is in decaauts)
 A = Elapsed time spent in this place.
 B = Non-inter-level travel time spent in this place.
 C = Inter-level travel time spent in this place.
 D = Time resting spent in this place.
 E = Time spent auto-exploring this place.
 F = Levels seen in this place.
 G = Mean time per level.
                   A        B        C        D        E       F      G
               +--------+--------+--------+--------+--------+-----+--------+
         Total |     50 |     50 |      0 |      0 |      0 |   2 |   25.0 |
       Dungeon |     50 |     50 |      0 |      0 |      0 |   2 |   25.0 |
               +--------+--------+--------+--------+--------+-----+--------+

Top non-repeatable levels by time:
     D:5: 50 daAuts
     D:4: 0 daAuts
